 Dungeon Crawl Stone Soup version 0.30.1-9-gdf580d7c3d (webtiles) character file.

Game seed: 10796057875281751027

128 KittyFluff the Cudgeller (level 5, 0/49 HPs)
             Began as a Gargoyle Berserker on Oct 9, 2023.
             Was a Believer of Trog.
             Slain by an ice beast (7 damage)
             ... on level 3 of the Dungeon.
             The game lasted 00:09:02 (2598 turns).

KittyFluff the Cudgeller (Gargoyle Berserker)       Turns: 2598, Time: 00:09:02

Health: 0/49       AC:  7    Str: 22    XL:     5   Next: 12%
Magic:  5/5        EV: 12    Int:  8    God:    Trog [**....]
Gold:   125        SH:  0    Dex:  9    Spells: 4/4 levels left

rFire   . . .        a - +0 mace
rCold   . . .        (no shield)
rNeg    + . .        b - +0 animal skin
rPois   ∞            (no helmet)
rElec   +            (no cloak)
rCorr   .            v - +0 pair of gloves
SInv    .            (no boots)
Will    .....        (no amulet) Stlth
                     (no ring)
HPRegen 0.28/turn    (no ring)
MPRegen 0.09/turn

%: no passive effects
@: berserking, very quick
A: sickness immunity, AC +4, negative energy resistance 1, electricity
resistance, torment resistance 1, petrification resistance
a: Renounce Religion, Berserk, Trog's Hand


You were on level 3 of the Dungeon.
You worshipped Trog.
Trog was pleased with you.
You visited 1 branch of the dungeon, and saw 3 of its levels.

You collected 125 gold pieces.

Inventory:

Hand Weapons
 a - a +0 mace (weapon)
 n - a +0 sling
Missiles
 s - 5 poisoned darts (quivered)
Armour
 b - a +0 animal skin (worn)
 q - a +1 ring mail of poison resistance
 v - a +0 pair of gloves (worn)
Scrolls
 f - 2 scrolls of immolation {unknown}
 g - a scroll of torment {unknown}
 h - a scroll of enchant weapon {unknown}
 j - a scroll of identify {unknown}
 k - a scroll of vulnerability {unknown}
 l - a scroll of teleportation {unknown}
Potions
 c - a potion of brilliance {unknown}
 d - 3 potions of curing {unknown}
 e - a potion of resistance {unknown}
 i - 6 potions of heal wounds {unknown}
 m - a potion of cancellation {unknown}
 o - 3 potions of mutation {unknown}
 p - a potion of flight {unknown}
 r - 2 potions of haste {unknown}
 t - a potion of attraction {unknown}
 u - a potion of might {unknown}


   Skills:
 + Level 3.8 Fighting
 * Level 4.0 Maces & Flails
 * Level 3.7 Armour
 + Level 2.2 Dodging


You had 4 spell levels left.
You didn't know any spells.
Your spell library was empty.

Dungeon Overview and Level Annotations

Branches:
Dungeon (3/15)

Altars:


Innate Abilities, Weirdness & Mutations

You are immune to sickness and miasma.
Your stone body is resilient. (AC +4)
You are immune to poison.
You resist negative energy. (rN+)
You are resistant to electric shocks. (rElec)
You are resistant to unholy torment.
You are immune to petrification.


Message History

The adder is moderately wounded.
The adder barely misses you.
You hit the adder.
The adder is almost dead.
The adder bites you but does no damage. The adder closely misses you.
You barely miss the adder.
The adder is almost dead.
The adder bites you but does no damage.
You barely miss the adder.
The adder is almost dead.
The adder closely misses you. x2
You hit the adder.
You kill the adder!
Trog accepts your kill.
Found an emerald potion.
Found a bubbling clear potion.
i - 6 emerald potions (gained 1)
Found a sling.
Found a cyan potion.
t - a bubbling clear potion
u - a cyan potion
Found a dagger.
You see here a +0 dagger.
You see here a +0 dagger.
You see here a +0 dagger.
Found a pair of gloves.
You see here a +0 pair of gloves.
v - a +0 pair of gloves You start putting on your armour.
You continue putting on your +0 pair of gloves. x4
You finish putting on your +0 pair of gloves.
The ice beast hits you. The ice beast freezes you!
You closely miss the ice beast. The ice beast barely misses you.
The ice beast hits you. The ice beast freezes you!
* * * LOW HITPOINT WARNING * * *
A red film seems to cover your vision as you go berserk!
You feel yourself moving faster!
You feel mighty! The ice beast hits you.
* * * LOW HITPOINT WARNING * * *
The ice beast freezes you!
You die...

#. . #. ..#. ....
.... .........#
........#
##########.. .......#
#...@Y...... .......
####.#####.. .....#
#.# #.#
####.###########.####
#....................
####.###########.###.
#.# #......... #.#
#####.###. #.### #.#
#.


You could see an ice beast.

Vanquished Creatures
  Jessica (D:2)
  4 adders
  2 worms
  2 dart slugs
  5 endoplasms
  4 goblins
  4 hobgoblins
  6 jackals (D:1)
  5 kobolds
  A quokka (D:3)
  7 ball pythons
  4 bats
  A frilled lizard (D:1)
  12 rats
58 creatures vanquished.

Notes
Turn   | Place    | Note
-------+----------+-------------------------------------------
     0 | D:1      | KittyFluff the Gargoyle Berserker began the quest for the
                  | Orb.
     0 | D:1      | Reached XP level 1. HP: 14/14 MP: 1/1
   190 | D:1      | Reached XP level 2. HP: 19/19 MP: 2/2
   550 | D:1      | Reached XP level 3. HP: 19/23 MP: 3/3
  1268 | D:2      | Reached ** piety under Trog
  1475 | D:2      | Reached XP level 4. HP: 26/29 MP: 4/4
  1891 | D:2      | Noticed Jessica
  1903 | D:2      | Killed Jessica
  2382 | D:3      | Reached skill level 4 in Maces & Flails
  2382 | D:3      | Reached XP level 5. HP: 33/33 MP: 5/5
  2592 | D:3      | Noticed an ice beast
  2598 | D:3      | Slain by an ice beast

Illustrated notes

Levels and vault maps discovered:
D:1:      dpeg_arrival_ratfight, layout_loops_ring
D:2:      minmay_wonky_spiral, layout_basic, uniq_jessica
D:3:      layout_basic, okawaru_ov_weapons_minmay, serial_bayou,
          serial_bayou_shore_b, serial_bayou_shore_b, serial_bayou_shore_b,
          serial_bayou_lagoon_a, serial_bayou_lake_a, serial_bayou_pond_d

Skill      XL: |  1  2  3  4 |
---------------+-------------+-----
Armour         | 3 |  3.7
Dodging        | 2 |  2.2
Maces & Flails | 4 |  4.0
Fighting       | |  3.8

Action                     |  1- 3 |  4- 6 || total
---------------------------+-------+-------++-------
  Melee: Mace              |   138 |    69 ||   207
 Invoke: Berserk           |       |     2 ||     2
   Stab: Sleeping          |     1 |       ||     1
 Armour: Animal skin       |    47 |    28 ||    75
  Dodge: Dodged            |   109 |    56 ||   165
